 Dungeon Crawl Stone Soup version 0.31-a0-662-g684573625c (webtiles) character file.

Game seed: 7947036781125824224

25 subawu the Magician (level 2, 0/22 HPs)
             Began as a Draconian Hedge Wizard on Sept 1, 2023.
             Succumbed to an adder's poison
             ... on level 2 of the Dungeon.
             The game lasted 00:03:34 (1137 turns).

subawu the Magician (Draconian Hedge Wizard)        Turns: 1137, Time: 00:03:35

Health: 0/22       AC:  4    Str: 12    XL:     2   Next: 86%
Magic:  4/6        EV: 12    Int: 14    God:
Gold:   70         SH:  0    Dex: 10    Spells: 6/7 levels left

rFire   . . .        f - +0 short sword
rCold   . . .        (no shield)
rNeg    . . .        (body armour unavailable)
rPois   .            b - +0 hat
rElec   .            (no cloak)
rCorr   .            (no gloves)
SInv    .            (no boots)
Will    .....        (no amulet)
Stlth   ++           (no ring)
HPRegen 0.23/turn    (no ring)
MPRegen 0.10/turn

%: no passive effects
@: lethally poisoned (0 -> -2)
A: AC +4, unfitting armour, cold-blooded
a: no special abilities


You were on level 2 of the Dungeon.
You visited 1 branch of the dungeon, and saw 2 of its levels.

You collected 70 gold pieces.

Inventory:

Hand Weapons
 a - a +0 dagger
 f - a +0 short sword (weapon)
Armour
 b - a +0 hat (worn)
 e - a +2 helmet
Scrolls
 g - a scroll of fog {unknown}
 h - a scroll of noise {unknown}
Potions
 c - a potion of magic
 d - a potion of haste {unknown}


   Skills:
 + Level 0.5 Fighting
 + Level 0.4 Short Blades
 + Level 2.1 Dodging
 + Level 2.0 Stealth
 + Level 3.3 Spellcasting
 + Level 1.2 Conjurations
 + Level 1.1 Summonings
 + Level 1.1 Translocations


You had 6 spell levels left.
You knew the following spells:

 Your Spells              Type           Power      Damage    Failure   Level
a - Magic Dart            Conj           20%        1d4       13%         1

Your spell library contained the following spells:

 Spells                   Type           Power      Damage    Failure   Level
 Blink                    Tloc           10%        N/A       21%         2
 Call Imp                 Summ           10%        N/A       21%         2
 Slow                     Hex            8%         N/A       22%         1
 Cigotuvi's Dreadful Rot  Necr/Pois/Air  4%         N/A       32%         2
 Mephitic Cloud           Conj/Pois/Air  3%         N/A       47%         3


Dungeon Overview and Level Annotations

Branches:
Dungeon (2/15)

Altars:


Innate Abilities, Weirdness & Mutations

Your plain brown scales are hard. (AC +4)
You cannot fit into any form of body armour.
You are cold-blooded and may be slowed by cold attacks.


Message History

You are poisoned.
The adder poisons you!
You barely miss the adder.
Your tail-slap misses the adder.
The adder is lightly wounded.
You feel sick. The adder bites you.
You hit the adder but do no damage.
The adder is lightly wounded.
You feel sick. The adder misses you.
You hit the adder but do no damage.
Your tail-slap misses the adder.
The adder is lightly wounded.
You feel sick. The adder bites you.
You are more poisoned.
The adder poisons you!
You miss the adder.
The adder is lightly wounded.
You feel sick. The adder bites you. The adder bites you but does no damage.
You hit the adder but do no damage.
The adder is lightly wounded.
You feel sick. The adder bites you.
* * * LOW HITPOINT WARNING * * *
You closely miss the adder.
The adder is lightly wounded.
You feel sick. The adder completely misses you.
Casting: Magic Dart (safe; 13% risk of failure)
Confirm with . or Enter, or press ? or * to list all spells.
Aiming: Magic Dart (safe; 13% risk of failure)
Press: ? - help, Shift-Dir - straight line, f/p - adder
Aim: an adder (lightly wounded, 100% to hit)
The magic dart hits the adder.
The adder is moderately wounded.
You feel sick. The adder bites you.
* * * LOW HITPOINT WARNING * * *
Casting: Magic Dart (safe; 13% risk of failure)
Confirm with . or Enter, or press ? or * to list all spells.
Aiming: Magic Dart (safe; 13% risk of failure)
Press: ? - help, Shift-Dir - straight line, f/p - adder
Aim: an adder (moderately wounded, 100% to hit)
The magic dart hits the adder.
The adder is heavily wounded.
You die...

#.. ..# #......<...†
###.. #.# #...........
....##.# #.#.####.#..
###...#.###.#.#.##.#..
.....................
#..#..##.###.##.#.#
#.....†..# #.##....
#.....#### #.####..
#.@##.# #.......
#.S##.# #.#.##..
....##.# ####.#.##..
#....................
...#.###.######.#.....
...... #.# #.#.##..
##.#.## #.#.##.. #.
#.#.##.. ######.#.##..


You could see an adder.

Vanquished Creatures
  5 endoplasms
  3 hobgoblins (D:1)
  4 jackals (D:1)
  A quokka (D:1)
  2 ball pythons
  2 bats
  A frilled lizard (D:2)
  A goblin (D:1)
  3 kobolds
  A rat (D:1)
23 creatures vanquished.

Notes
Turn   | Place    | Note
-------+----------+-------------------------------------------
     0 | D:1      | subawu the Draconian Hedge Wizard began the quest for the
                  | Orb.
     0 | D:1      | Reached XP level 1. HP: 14/14 MP: 4/4
   291 | D:1      | Reached XP level 2. HP: 17/20 MP: 4/6
  1136 | D:2      | HP: 1/22 [adder (4)]
  1137 | D:2      | Succumbed to an adder's poison

Illustrated notes

Levels and vault maps discovered:
D:1:      giann_forest_graveyard, layout_loops_ring, chequers_garden,
          st_stairs_9, amcnicky_mini_pool_small, grunt_decor_arrowhead,
          grunt_decor_fettered, minmay_door_square
D:2:      layout_basic, shapermc_ecumenical_altar_mp_ritualfount

Skill      XL: |  1  2 |
---------------+-------+-----
Dodging        | 2 |  2.1
Stealth        | 2 |  2.0
Fighting       | |  0.5
Short Blades   | |  0.4
Spellcasting   | |  3.3
Conjurations   | |  1.2
Summonings     | |  1.1
Translocations | |  1.1

Action                     || total
---------------------------++-------
  Melee: Dagger            ||    41
         Tailslap          ||     8
         Short sword       ||    32
   Cast: Magic Dart        ||    22
 Armour: Skin              ||    66
  Dodge: Dodged            ||    80

Table legend: (Time is in decaauts)
 A = Elapsed time spent in this place.
 B = Non-inter-level travel time spent in this place.
 C = Inter-level travel time spent in this place.
 D = Time resting spent in this place.
 E = Time spent auto-exploring this place.
 F = Levels seen in this place.
 G = Mean time per level.
                   A        B        C        D        E       F      G
               +--------+--------+--------+--------+--------+-----+--------+
         Total |   1138 |   1034 |    104 |     51 |    714 |   2 |  569.0 |
       Dungeon |   1138 |   1034 |    104 |     51 |    714 |   2 |  569.0 |
               +--------+--------+--------+--------+--------+-----+--------+

Top non-repeatable levels by time:
     D:1: 945 daAuts
     D:2: 193 daAuts
